 Dungeon Crawl Stone Soup version 0.30.1-11-g7821555f0a (webtiles) character file.

Game seed: 9939233694363021500

62554 lonewolfV2 the Blocker (level 15, -2/125 HPs)
             Began as a Formicid Fighter on Nov 15, 2023.
             Was a High Priest of Qazlal.
             Slain by a komodo dragon (17 damage)
             ... on level 5 of the Lair of Beasts.
             The game lasted 00:35:11 (19030 turns).

lonewolfV2 the Blocker (Formicid Fighter)          Turns: 19030, Time: 00:35:11

Health: -2/125     AC: 28    Str: 24    XL:     15   Next: 46%
Magic:  24/24      EV: 11    Int: 10    God:    Qazlal [*****.]
Gold:   505        SH: 37    Dex: 17    Spells: 14/14 levels left

rFire   + + .        U - +9 long sword of Fedhas's Delight {heavy, rElec rF+ Int+2}
rCold   . . .        X - +6 tower shield of the Arcane {Fly}
rNeg    . . .        J - +5 plate armour
rPois   .            (helmet unavailable)
rElec   +            k - +2 cloak
rCorr   .            O - +0 pair of gloves
SInv    +            (no boots)
Will    +....        n - amulet of reflection Stlth
                     g - +5 ring of evasion
HPRegen 1.20/turn    G - +4 ring of slaying
MPRegen 0.19/turn

%: repel missiles, reflection
@: protected from physical damage, flying
A: permanent stasis, dig shafts and tunnels, antennae 3, four strong arms,
deterioration 1, fire resistance 1, regeneration 1
a: Dig, Shaft Self, Renounce Religion, Upheaval, Elemental Force, Disaster Area


You were on level 5 of the Lair of Beasts.
You worshipped Qazlal.
Qazlal was extremely pleased with you.
You visited 4 branches of the dungeon, and saw 22 of its levels.
You also visited: Sewer, Bailey, Gauntlet and Ice Cave.

You collected 2145 gold pieces.
You spent 1640 gold pieces at shops.

Inventory:

Hand Weapons
 a - a +2 war axe
 o - the +5 spear of Qazlal {holy, *Rage rElec rPois rC+}
   (You found it on level 2 of the Dungeon)

   rC:        It protects you from cold.
   rElec:     It insulates you from electricity.
   rPois:     It protects you from poison.
   *Rage:     It berserks you when you make melee attacks (+20% chance).
 u - a +2 battleaxe of draining
 U - the +9 long sword of Fedhas's Delight (weapon) {heavy, rElec rF+ Int+2}
   (You found it on level 2 of the Lair of Beasts)

   Int:       It affects your intelligence (+2).
   rF:        It protects you from fire.
   rElec:     It insulates you from electricity.
Missiles
 j - 3 throwing nets
Armour
 k - a +2 cloak (worn)
 H - the +3 warlock's mirror {omnireflect}
   (You bought it in a shop on level 14 of the Dungeon)

   Omnireflect: It can block and reflect piercing ranged attacks and magical
   attacks against the wielder's willpower.
 J - a +5 plate armour (worn)
 O - a +0 pair of gloves (worn)
 X - the +6 tower shield of the Arcane (worn) {Fly}
   (You acquired it on level 2 of the Lair of Beasts)

   Fly:       It grants you flight.
Jewellery
 f - a ring of wizardry
 g - a +5 ring of evasion (left hand)
 l - a ring of poison resistance
 n - an amulet of reflection (around neck)
 w - a ring of protection from fire
 y - an amulet of regeneration
 G - a +4 ring of slaying (right hand)
 S - the ring "Ojem" {MP+9 Dex+4}
   (You found it on level 1 of the Lair of Beasts)

   [ring of magical power]

   Dex:       It affects your dexterity (+4).
   MP:        It affects your magic capacity (+9).
 V - a ring of fire
 W - a ring of magical power
 Z - an amulet of magic regeneration
Wands
 b - a wand of polymorph (19)
 e - a wand of roots (19)
 h - a wand of charming (19)
 i - a wand of digging (11)
 q - a wand of acid (14)
 D - a wand of mindburst (11)
 M - a wand of flame (8)
Scrolls
 p - 3 scrolls of amnesia
 t - 2 scrolls of fog
 x - 13 scrolls of teleportation
 z - 3 scrolls of summoning
 B - 3 scrolls of poison
 K - 2 scrolls of magic mapping
 L - 3 scrolls of fear
 N - 7 scrolls of identify
 R - a scroll of silence
 T - a scroll of enchant armour
Potions
 d - 9 potions of might
 m - 11 potions of curing
 r - 11 potions of haste
 s - 4 potions of brilliance
 v - 5 potions of flight
 A - a potion of invisibility
 C - 2 potions of cancellation
 E - 3 potions of resistance
 F - a potion of magic
 I - 2 potions of berserk rage
 Q - 6 potions of lignification
 Y - a potion of ambrosia
Miscellaneous
 c - a phantom mirror


   Skills:
 - Level 13.7 Fighting
 * Level 10.0 Long Blades
 - Level 12.1 Axes
 - Level 11.4 Armour
 - Level 14.0 Shields
 - Level 12.4 Invocations


You had 14 spell levels left.
You didn't know any spells.
Your spell library contained the following spells:

 Spells                   Type           Power      Damage    Failure   Level
 Apportation              Tloc           0%         N/A       100%        1
 Foxfire                  Conj/Fire      0%         2x1d4     100%        1
 Freeze                   Ice            0%         1d3       100%        1
 Magic Dart               Conj           0%         1d3       100%        1
 Summon Small Mammal      Summ           0%         N/A       100%        1
 Call Imp                 Summ           0%         N/A       100%        2
 Lesser Beckoning         Tloc           0%         N/A       100%        2
 Momentum Strike          Conj/Tloc      0%         3d8       100%        2
 Sublimation of Blood     Necr           0%         N/A       100%        2
 Call Canine Familiar     Summ           0%         N/A       100%        3
 Frozen Ramparts          Ice            0%         1d1       100%        3
 Hailstorm                Conj/Ice       0%         3d3       100%        3
 Mephitic Cloud           Conj/Pois/Air  0%         N/A       100%        3
 Ozocubu's Armour         Ice            0%         N/A       100%        3
 Summon Guardian Golem    Hex/Summ       0%         N/A       100%        3
 Animate Dead             Necr           0%         N/A       100%        4
 Ice Form                 Ice/Tmut       0%         N/A       100%        4
 Petrify                  Tmut/Erth      0%         N/A       100%        4
 Summon Ice Beast         Ice/Summ       0%         N/A       100%        4
 Alistair's Intoxication  Tmut/Pois      0%         N/A       100%        5
 Fireball                 Conj/Fire      0%         3d3       100%        5
 Irradiate                Conj/Tmut      0%         3d11      100%        5
 Metabolic Englaciation   Hex/Ice        0%         N/A       100%        5
 Plasma Beam              Fire/Air       0%         2x1d11    100%        6
 Simulacrum               Ice/Necr       0%         N/A       100%        6
 Starburst                Conj/Fire      0%         6d3       100%        6
 Haunt                    Necr/Summ      0%         N/A       100%        7
 Orb of Destruction       Conj           0%         9d5       100%        7
 Spellforged Servitor     Conj/Summ      0%         N/A       100%        7
 Infestation              Necr           0%         N/A       100%        8
 Blink                    Tloc           Unusable   N/A       N/A         2

Dungeon Overview and Level Annotations

Branches:
Dungeon (15/15)            Temple (1/1) D:6            Lair (5/5) D:8
 Shoals (1/4) Lair:3        Snake (0/4) Lair:3        Slime (0/5) Lair:4
    Orc (0/2) D:10         Vaults (0/5) D:14         Depths (0/4) D:15
  Sewer (visited)          Bailey (visited)           IceCv (visited)
Gauntlet (visited)

Altars:
Cheibriados
Dithmenos
Gozag
Kikubaaqudgha
Makhleb
Okawaru
Qazlal
Ru
Sif Muna
Trog
Vehumet
Wu Jian
Xom
The Shining One
Jiyva

Shops:
D:1 !![[   D:3 ?   D:10 :   D:14 **=(

Annotations:
Lair:4 1 runed translucent door
Shoals:1 2 transporters, Ameyweedd's ghost, journeyman MiFi


Innate Abilities, Weirdness & Mutations

You cannot be hasted, slowed, berserked, paralysed or teleported.
You can dig through walls and to a lower floor.
You have a pair of large antennae on your head. (SInv)
Your four strong arms can wield two-handed weapons with a shield.
Your body sometimes deteriorates upon taking damage.
Your flesh is heat resistant. (rF+)
Your natural rate of healing is unusually fast.


Message History

The 19-headed hydra bites you but does no damage.
You block the 19-headed hydra's attack. The 19-headed hydra closely misses you.
The 19-headed hydra bites you but does no damage. x2
The 19-headed hydra barely misses you. The 19-headed hydra bites you.
* * * LOW HITPOINT WARNING * * *
The 19-headed hydra bites you but does no damage.
The komodo dragon bites you but does no damage.
The 19-headed hydra closely misses you.
The 19-headed hydra completely misses you.
The 19-headed hydra bites you but does no damage.
The 19-headed hydra closely misses you.
The 19-headed hydra completely misses you.
The 19-headed hydra closely misses you.
The 19-headed hydra bites you but does no damage.
The 19-headed hydra misses you.
The 19-headed hydra bites you but does no damage.
The 19-headed hydra barely misses you. The 19-headed hydra bites you!
* * * LOW HITPOINT WARNING * * *
You feel more protected from physical attacks.
The 19-headed hydra completely misses you.
The 19-headed hydra barely misses you.
The 19-headed hydra bites you but does no damage.
The 19-headed hydra closely misses you. You block the 19-headed hydra's attack.
The 19-headed hydra bites you but does no damage. x3
You hack one of the 19-headed hydra's heads off!
The 18-headed hydra grows two more!
You slice the 20-headed hydra!!
The 20-headed hydra is almost dead.
You block the komodo dragon's attack. The 20-headed hydra bites you!
* * * LOW HITPOINT WARNING * * *
You feel more protected from physical attacks.
The 20-headed hydra barely misses you. You block the 20-headed hydra's attack.
The 20-headed hydra bites you but does no damage.
You block the 20-headed hydra's attack.
The 20-headed hydra bites you but does no damage.
You block the 20-headed hydra's attack.
The 20-headed hydra barely misses you. x2
The 20-headed hydra bites you but does no damage. x5
The 20-headed hydra completely misses you.
The 20-headed hydra bites you but does no damage. x2
You block the 20-headed hydra's attack. x3; The komodo dragon bites you!
You die...

##.... .. ...... #.
##........# ##.
##.........# #..#
##...........
#..#####............
#.○.................
##.#☼#l#...∩........#
#...D@##...........P#
#....#######....÷###.
#.. #...#....# .
....P##....# ###
...........####.##
..............#...
..#...............
##................
.........†.....#


You could see a 20-headed hydra (drained) and a komodo dragon.

Vanquished Creatures
  Gastronok (Lair:1)
  A fire giant (D:15)
  A minotaur (Gauntlet)
  A merfolk impaler (Shoals:1)
  A merfolk javelineer (Shoals:1)
  A rakshasa (D:13)
  Erolcha (D:10)
  8 centaur warriors
  2 hydras
  Erica (Lair:1)
  A merfolk avatar (Shoals:1)
  2 catoblepae
  6 boulder beetles
  A tengu warrior (D:15)
  6 two-headed ogres
  A soul eater (Gauntlet)
  A skeletal warrior (D:14)
  A skyshark (Shoals:1)
  A deep elf archer (D:14)
  3 harpies (Lair:3)
  A lindwurm (Lair:1)
  3 deep elf pyromancers (D:14)
  5 cyclopes
  An ugly thing (D:12)
  2 fauns (Shoals:1)
  Joseph (Lair:1)
  A manticore (D:12)
  4 black mambas
  A merfolk siren (Shoals:1)
  Maurice (D:9)
  A water nymph (Shoals:1)
  2 centaur skeletons (D:14)
  10 cane toads
  Maggie (D:7)
  A kobold demonologist (D:10)
  2 unseen horrors (D:13)
  2 freezing wraiths
  A tengu conjurer (D:15)
  2 rime drakes
  8 komodo dragons
  3 merfolk (Shoals:1)
  2 wind drakes (Shoals:1)
  A hornet (D:9)
  Prince Ribbit (D:6)
  A troll (shapeshifter) (D:14)
  7 trolls
  14 blink frogs
  A harpy skeleton (D:14)
  2 dream sheep (Shoals:1)
  6 snapping turtles (Shoals:1)
  8 slime creatures (D:14)
  A culicivora (shapeshifter) (D:15)
  5 wraiths
  A vampire (D:12)
  3 wyverns
  25 yaks
  A steam dragon (D:8)
  7 vampire mosquitoes
  A minotaur simulacrum (IceCv)
  3 swamp worms (Lair:2)
  4 acid dragons
  11 water moccasins
  An ice beast (D:6)
  A sky beast (D:6)
  An orc warrior (Bailey)
  2 black bears
  2 ogres (D:14)
  7 centaurs
  6 wolves
  4 kobold brigands
  4 phantoms
  2 gnoll sergeants
  A scorpion (D:7)
  14 bullfrogs
  5 wights (D:8)
  10 killer bees
  5 howler monkeys
  An electric eel (Lair:3)
  A hound (D:5)
  A jelly (D:4)
  9 orc priests
  A sleepcap (D:7)
  6 iguanas
  11 orc wizards
  A boggart skeleton (D:14)
  Robin (D:2)
  20 gnolls
  2 river rats (Sewer)
  10 adders
  2 shadow imps (Gauntlet)
  3 white imps
  5 worms
  2 dart slugs
  40 orcs
  3 ball pythons
  10 endoplasms
  2 giant cockroaches
  23 goblins
  14 hobgoblins
  10 jackals
  2 quokkas
  3 bats
  A frilled lizard (D:1)
  23 kobolds
  10 rats
481 creatures vanquished.

Vanquished Creatures (collateral kills)
  A deep elf zephyrmancer (D:14)
1 creature vanquished.

Vanquished Creatures (others)
  An ogre mage (D:14)
  A kobold (D:7)
2 creatures vanquished.

Grand Total: 484 creatures vanquished

Notes
Turn   | Place    | Note
-------+----------+-------------------------------------------
     0 | D:1      | lonewolfV2 the Formicid Fighter began the quest for the
                  | Orb.
     0 | D:1      | Reached XP level 1. HP: 18/18 MP: 1/1
   117 | D:1      | Found Ruqink's Armour Shop.
   206 | D:1      | Found Dimoritt's Distillery.
   219 | D:1      | Found Retesah's Antique Armour Boutique.
   253 | D:1      | Found a faded altar of an unknown god.
   255 | D:1      | Found Iha Moa's Distillery.
   290 | D:1      | You fall into a shaft and drop 1 floor!
   297 | D:2      | Reached XP level 2. HP: 23/24 MP: 2/2
   762 | D:2      | Reached XP level 3. HP: 30/30 MP: 3/3
   771 | D:2      | Noticed Robin
   780 | D:2      | Killed Robin
   850 | D:2      | Reached XP level 4. HP: 38/38 MP: 4/4
   976 | D:2      | Reached skill level 5 in Fighting
  1121 | D:2      | Identified the +5 spear of Qazlal {holy, *Rage rElec rPois
                  | rC+}
  1521 | D:3      | Reached XP level 5. HP: 44/44 MP: 5/5
  2074 | D:3      | Found The Oracle's Delphic Readings.
  2258 | D:4      | Found a snail-covered altar of Cheibriados.
  2270 | D:4      | Reached XP level 6. HP: 31/53 MP: 6/6
  2396 | D:4      | Found a glowing golden altar of the Shining One.
  2855 | D:4      | Found a glowing drain.
  2872 | Sewer    | Entered a sewer
  2877 | Sewer    | Reached XP level 7. HP: 61/61 MP: 7/7
  3066 | Sewer    | Found a glowing silver altar of Zin.
  3404 | D:5      | Entered Level 5 of the Dungeon
  3591 | D:5      | Reached XP level 8. HP: 66/71 MP: 8/8
  3721 | D:5      | Reached skill level 10 in Fighting
  3822 | D:5      | Found a sacrificial altar of Ru.
  3895 | D:5      | Reached skill level 5 in Armour
  4215 | D:6      | Noticed Prince Ribbit
  4233 | D:6      | Killed Prince Ribbit
  4489 | D:6      | Identified the +4 scale mail "Bynnutue" {Regen+}
  4535 | D:6      | Reached XP level 9. HP: 69/78 MP: 9/9
  4822 | D:6      | Found a staircase to the Ecumenical Temple.
  5117 | Temple   | Entered the Ecumenical Temple
  5152 | Temple   | Became a worshipper of Qazlal Stormbringer
  5345 | D:6      | Gained mutation: Your body sometimes deteriorates upon
                  | taking damage. [potion of mutation]
  5345 | D:6      | Gained mutation: Your flesh is heat resistant. (rF+)
                  | [potion of mutation]
  5345 | D:6      | Gained mutation: Your natural rate of healing is unusually
                  | fast. [potion of mutation]
  5397 | D:7      | Found a shadowy altar of Dithmenos.
  5524 | D:7      | Noticed Maggie
  5549 | D:7      | Killed Maggie
  5550 | D:7      | Reached skill level 5 in Shields
  5568 | D:7      | Noticed a two-headed ogre
  5579 | D:7      | Reached skill level 10 in Armour
  5583 | D:7      | Reached * piety under Qazlal
  5585 | D:7      | Killed a two-headed ogre
  5586 | D:7      | Reached XP level 10. HP: 44/85 MP: 10/10
  5590 | D:7      | Reached skill level 6 in Shields
  5871 | D:8      | Reached skill level 7 in Shields
  5950 | D:8      | Noticed a moth of wrath
  5953 | D:8      | Found a bloodstained altar of Trog.
  6167 | D:8      | Found a shimmering blue altar of Sif Muna.
  6258 | D:8      | Found a flagged portal.
  6268 | D:8      | Reached ** piety under Qazlal
  6273 | Bailey   | Entered a bailey
  6292 | Bailey   | Acquired 609 gold pieces
  6794 | D:8      | Found a staircase to the Lair.
  6918 | D:8      | Reached skill level 5 in Axes
  7130 | Lair:1   | Entered Level 1 of the Lair of Beasts
  7143 | Lair:1   | Noticed a cane toad
  7154 | Lair:1   | Killed a cane toad
  7310 | D:9      | Reached XP level 11. HP: 53/90 MP: 11/11
  7506 | D:9      | Noticed Maurice
  7516 | D:9      | Killed Maurice
  7712 | D:10     | Entered Level 10 of the Dungeon
  7881 | D:10     | Reached *** piety under Qazlal
  8031 | D:10     | Noticed Erolcha
  8038 | D:10     | Killed Erolcha
  8194 | D:10     | Found a staircase to the Orcish Mines.
  8232 | D:10     | Noticed a soul eater
  8235 | D:10     | Noticed a soul eater
  8303 | D:10     | Found Canu's Tremendous Tomes.
  8765 | D:11     | Noticed a two-headed ogre
  8771 | D:11     | Killed a two-headed ogre
  8772 | D:11     | Reached skill level 10 in Axes
  8898 | D:11     | Noticed a cyclops
  8905 | D:11     | Killed a cyclops
  9018 | D:11     | Noticed a two-headed ogre
  9028 | D:11     | Killed a two-headed ogre
  9264 | D:11     | Reached XP level 12. HP: 78/97 MP: 12/12
  9966 | D:12     | Reached skill level 1 in Invocations
 10175 | D:12     | Reached skill level 5 in Invocations
 10607 | D:12     | Reached **** piety under Qazlal
 10972 | D:13     | Noticed a two-headed ogre
 10974 | D:13     | Killed a two-headed ogre
 11129 | D:13     | Noticed a rakshasa
 11140 | D:13     | Killed a rakshasa
 11704 | D:13     | Noticed a centaur warrior
 11709 | D:13     | Killed a centaur warrior
 11803 | D:14     | Reached skill level 10 in Invocations
 11888 | D:14     | Noticed a two-headed ogre
 11893 | D:14     | Killed a two-headed ogre
 11894 | D:14     | Reached XP level 13. HP: 99/103 MP: 21/21
 11897 | D:14     | Reached skill level 8 in Shields
 11902 | D:14     | Noticed a centaur warrior
 11902 | D:14     | Noticed an ogre mage
 11905 | D:14     | Reached skill level 9 in Shields
 11912 | D:14     | Reached skill level 10 in Shields
 11918 | D:14     | Killed a centaur warrior
 11920 | D:14     | Killed an ogre mage
 11926 | D:14     | Noticed a centaur warrior
 11932 | D:14     | Noticed a centaur warrior
 11938 | D:14     | Killed a centaur warrior
 11939 | D:14     | Reached skill level 11 in Shields
 11940 | D:14     | Killed a centaur warrior
 11941 | D:14     | Reached skill level 12 in Shields
 12032 | D:14     | Reached skill level 13 in Shields
 12264 | D:14     | Noticed a centaur warrior
 12277 | D:14     | Killed a centaur warrior
 12291 | D:14     | Identified the +6 morningstar of Salt {spect, Will+ Stlth+}
 12391 | D:14     | Found Xaatz's Jewellery Emporium.
 12392 | D:14     | Noticed a catoblepas
 12406 | D:14     | Killed a catoblepas
 12407 | D:14     | Reached skill level 14 in Shields
 12409 | D:14     | Found Avyid's Antique Weapon Emporium.
 12410 | D:14     | Found Yles Nih's Assorted Antiques.
 12415 | D:14     | Found Hudunas's Assorted Antiques.
 12425 | D:14     | Bought the +3 warlock's mirror {omnireflect} for 1640 gold
                  | pieces
 12425 | D:14     | Found the +3 warlock's mirror {omnireflect}
 12658 | D:14     | Found a gate to the Vaults.
 12694 | D:15     | Entered Level 15 of the Dungeon
 12806 | D:15     | Noticed a centaur warrior
 12813 | D:15     | Killed a centaur warrior
 12896 | D:15     | Noticed a fire giant
 12911 | D:15     | Killed a fire giant
 12912 | D:15     | Reached XP level 14. HP: 70/111 MP: 23/23
 12956 | D:15     | Found a staircase to the Depths.
 13285 | D:15     | Found a frozen archway.
 13299 | IceCv    | Entered an ice cave
 13927 | Lair:1   | Noticed Erica
 13938 | Lair:1   | Killed Erica
 14051 | Lair:1   | Noticed Gastronok
 14062 | Lair:1   | Killed Gastronok
 14111 | Lair:1   | Identified the ring "Ojem" {MP+9 Dex+4}
 14149 | Lair:1   | Identified the -2 pair of gloves of Wasted Space {Fly
                  | rCorr}
 14367 | Lair:1   | Noticed Joseph
 14376 | Lair:1   | Reached ***** piety under Qazlal
 14381 | Lair:1   | Killed Joseph
 14689 | Lair:2   | Identified the +9 long sword of Fedhas's Delight {heavy,
                  | rElec rF+ Int+2}
 14808 | Lair:2   | Reached skill level 1 in Long Blades
 15467 | Lair:2   | Acquired the +6 tower shield of the Arcane {Fly}
 15892 | Lair:3   | Found a staircase to the Shoals.
 15914 | Shoals:1 | Entered Level 1 of the Shoals
 15917 | Shoals:1 | Reached skill level 5 in Long Blades
 16121 | Shoals:1 | Reached XP level 15. HP: 93/125 MP: 24/24
 16388 | Shoals:1 | Identified the +0 robe of Vaywk {Str+3}
 16688 | Shoals:1 | Found a transporter.
 16694 | Shoals:1 | Found a transporter.
 16695 | Shoals:1 | Noticed Ameyweedd's ghost (journeyman MiFi)
 17180 | Lair:3   | Found a staircase to the Snake Pit.
 17879 | Lair:4   | Found a runed translucent door.
 17884 | Lair:4   | Found a viscous altar of Jiyva.
 17884 | Lair:4   | Found a staircase to the Slime Pits.
 18626 | Lair:5   | Entered Level 5 of the Lair of Beasts
 18657 | Lair:5   | Found a gate leading to a gauntlet.
 18675 | Gauntlet | Entered a Gauntlet
 18675 | Gauntlet | Found a transporter.
 18694 | Gauntlet | Found a transporter.
 18696 | Gauntlet | Found a transporter.
 18697 | Gauntlet | Found a transporter.
 18704 | Gauntlet | Found a runed translucent door.
 18707 | Gauntlet | Found a transporter.
 18708 | Gauntlet | Found a transporter.
 18709 | Gauntlet | Found a transporter.
 18720 | Gauntlet | Found a transporter.
 18721 | Gauntlet | Found a transporter.
 18725 | Gauntlet | Found a transporter.
 18729 | Gauntlet | Found a transporter.
 18732 | Gauntlet | Found a transporter.
 18733 | Gauntlet | Found a transporter.
 18741 | Gauntlet | Found a transporter.
 18941 | Gauntlet | Identified the +0 leather armour of Patterns {Harm rC+
                  | Str+3 Dex-3}
 19014 | Lair:5   | Reached skill level 10 in Long Blades
 19030 | Lair:5   | Slain by a komodo dragon

Illustrated notes

Levels and vault maps discovered:
D:1:      dpeg_arrival_tiny_a, layout_basic, serial_shops,
          nicolae_shop_statue_plus, nicolae_shop_industrial_runoff, shop,
          nicolae_shop_scrapyard, ebering_ecumenical_altar_petrified
D:2:      minmay_chambers_of_ones, layout_loops_cross, uniq_robin
D:3:      layout_loops_ring, chequers_avenue, nicolae_nh_oracle_at_delphi
D:4:      layout_basic, tso_metal_star, cheibriados_altar_1,
          portal_sewer_entry_d
D:5:      layout_loops_ring, nicolae_ru_awakened_eye, feat_on_display
D:6:      layout_basic, minmay_temple_entry_poolview, uniq_prince_ribbit1
D:7:      layout_rooms, mainiacjoe_overflow_boulevard, uniq_maggie
D:8:      layout_gridville, tgw_trog, tgw_sif, enter_bailey_3
D:9:      layout_basic, minmay_fountain_box, uniq_maurice
D:10:     layout_layer_cave, orc_0_dummy, chequers_serial_rivers_large_a,
          nicolae_shop_i_like_big_books, uniq_erolcha
D:11:     layout_stronghold
D:12:     layout_gridville
D:13:     layout_gridville
D:14:     layout_loops_ring, hangedman_vaults_entry_quadrant_bands,
          kennysheep_another_room, minmay_shop_grid_forest
D:15:     grunt_enter_depths_giant_problem, layout_basic,
          portal_ice_cave_entry_pillars_three
Temple:   nicolae_temple_elliptical
Lair:1:   layout_roguey, guppyfry_lair_drakes, uniq_erica, uniq_joseph,
          uniq_gastronok
Lair:2:   layout_regular_city, worms_lemuel
Lair:3:   layout_layer_cave, nicolae_shoals_entry_roost, dummy_snake_entry,
          grunt_megastairs_3, serial_bayou_shore_b
Lair:4:   layout_cave_pods, slime_entry_2, infiniplex_staircase_pool_2
Lair:5:   due_jungle_book, layout_cave_pods, gauntlet_entry_generic,
          serial_bayou_shore_a, serial_bayou_shore_b, lemuel_fruit_fields,
          lemuel_fruit_tree
Shoals:1: layout_shoals, ebering_ghost_davey_jones

Skill      XL: |  1  2  3  4  5  6  7  8  9 10 11 12 13 14 15 |
---------------+----------------------------------------------+-----
Fighting       | 4 5 6 7 9 10 13 | 13.7
Armour         | 7 11 | 11.4
Shields        | 5 7 14 | 14.0
Axes           | 7 11 12 | 12.1
Invocations    | 11 12 | 12.4
Long Blades    | 6 10 | 10.0

Action                     |  1- 3 |  4- 6 |  7- 9 | 10-12 | 13-15 || total
---------------------------+-------+-------+-------+-------+-------++-------
  Melee: War axe           |    83 |   140 |   268 |    33 |       ||   524
         Battleaxe         |       |       |       |   303 |   435 ||   738
         Long sword        |       |       |       |       |    24 ||    24
 Invoke: Upheaval          |       |       |       |     1 |     2 ||     3
         Elemental Force   |       |       |       |       |     1 ||     1
Ability: Dig               |       |       |       |       |     5 ||     5
  Evoke: Wand              |       |       |     2 |     3 |       ||     5
    Use: Scroll            |     3 |     5 |     8 |     8 |     5 ||    29
         Potion            |       |       |     9 |       |     6 ||    15
   Stab: Invisible         |       |       |     8 |       |       ||     8
         Petrifying        |       |       |       |       |     1 ||     1
 Armour: Scale mail        |    50 |    43 |    89 |    78 |       ||   260
         Plate armour      |       |       |       |    51 |   315 ||   366
  Dodge: Dodged            |    46 |    62 |   218 |   228 |   239 ||   793
         Repelled          |       |       |       |       |     2 ||     2
  Block: Buckler           |    27 |    69 |   205 |   427 |   324 ||  1052
         Reflection        |       |       |     2 |    21 |    53 ||    76
         Tower shield      |       |       |       |       |   570 ||   570
